 Dungeon Crawl Stone Soup version 0.29.1-12-g30fa7ad0bf (webtiles) character file.

Game seed: 12370039792471964503

119 sneakypete the Covered (level 5, 0/46 HPs)
             Began as a Meteoran Fighter on Jan 12, 2023.
             Was a Follower of Makhleb.
             Slain by an orc priest
             ... wielding a +0 mace
              (4 damage)
             ... on level 4 of the Dungeon.
             The game lasted 00:10:54 (1661 turns).

sneakypete the Covered (Meteoran Fighter)           Turns: 1661, Time: 00:10:54

Health: 0/46       AC:  8    Str: 20    XL:     5   Next: 50%
Magic:  2/2        EV:  9    Int:  9    God:    Makhleb [*.....]
Gold:   80         SH:  5    Dex: 13    Spells: 4/4 levels left

rFire   . . .      SeeInvis .   u - +1 spear (antimagic)
rCold   . . .      Faith    .   c - +0 buckler
rNeg    . . .      Spirit   .   b - +0 scale mail
rPois   .          Reflect  .   (no helmet)
rElec   .          Harm     .   (no cloak)
rCorr   .          Rampage  .   (no gloves)
Will    .....                   j - +0 pair of boots
Stlth   ..........              (no amulet)
HPRegen 0.15/turn               (no ring)
MPRegen 0.08/turn               (no ring)

@: lethally poisoned (0 -> -2), glowing
A: sense surroundings 1, otherworldly, glowing, explore regen
a: Renounce Religion


You were on level 4 of the Dungeon.
You worshipped Makhleb.
Makhleb was aware of your devotion.
You visited 1 branch of the dungeon, and saw 4 of its levels.

You collected 80 gold pieces.

Inventory:

Hand Weapons
 a - a +0 war axe
 u - a +1 antimagic spear (weapon)
Missiles
 e - a throwing net (quivered)
Armour
 b - a +0 scale mail (worn)
 c - a +0 buckler (worn)
 j - a +0 pair of boots (worn)
 r - a +0 scale mail
Wands
 k - a wand of paralysis (10)
Scrolls
 f - 5 scrolls of identify {unknown}
 i - a scroll of vulnerability {unknown}
 o - a scroll of blinking {unknown}
 p - a scroll of torment {unknown}
 s - a scroll of teleportation {unknown}
 v - a scroll of fear {unknown}
Potions
 d - 2 potions of might
 g - a potion of mutation {unknown}
 h - a potion of brilliance {unknown}
 l - 2 potions of degeneration {unknown}
 m - a potion of lignification {unknown}
 n - 2 potions of heal wounds {unknown}
 q - a potion of berserk rage {unknown}
 t - a potion of resistance {unknown}


   Skills:
 + Level 4.0 Fighting
 + Level 4.0 Axes
 + Level 0.1(2.4) Polearms
 + Level 4.4 Armour
 + Level 1.5 Dodging
 + Level 4.0 Shields


You had 4 spell levels left.
You didn't know any spells.
Your spell library contained the following spells:

 Spells                   Type           Power      Damage    Failure   Level
 Sublimation of Blood     Necr           0%         N/A       91%         2
 Wereblood                Tmut           0%         N/A       91%         2
 Summon Hydra             Summ           0%         N/A       100%        7


Dungeon Overview and Level Annotations

Branches:
Dungeon (4/15) Zot: 705    Temple (0/1) D:4

Altars:
Cheibriados
Gozag
Makhleb
Qazlal
Trog

Shops:
D:1 ?   D:3 *


Innate Abilities, Weirdness & Mutations

You passively map a small area around you.
You are easily found by Zot.
You glow in the dark.
You regain HP and MP as you explore.


Message History

You puncture the orc!
You kill the orc!
Makhleb accepts your kill. The adder barely misses you.
The orc priest hits you with a +0 mace. The adder closely misses you.
The orc priest barely misses you. The adder bites you but does no damage.
You see here a giant cockroach corpse.
You barely miss the orc priest. You block the orc priest's attack.
You block the adder's attack.
You hit the orc priest.
The orc priest is moderately wounded.
The adder bites you but does no damage.
The orc priest hits you but does no damage.
You block the adder's attack.
You barely miss the orc priest.
The orc priest is moderately wounded.
The orc priest hits you with a +0 mace.
* * * LOW HITPOINT WARNING * * *
The adder bites you.
* * * LOW HITPOINT WARNING * * *
You are poisoned.
The adder poisons you!
You barely miss the orc priest.
The orc priest is moderately wounded.
You feel sick. The orc priest hits you with a +0 mace.
* * * LOW HITPOINT WARNING * * *
The adder bites you but does no damage.
You hit the orc priest.
The orc priest is severely wounded.
You feel sick. The adder closely misses you. You block the orc priest's attack.
You hit the orc priest.
The orc priest is almost dead.
You feel sick. The adder bites you but does no damage.
The orc priest hits you but does no damage.
The adder barely misses you.
You completely miss the orc priest.
The orc priest is almost dead.
* * * LOW HITPOINT WARNING * * *
You feel sick. The orc priest hits you with a +0 mace.
You die...

* , . * * , #, #. #.,
.# .# ## .#...#.# . #,
*...* .#... .#.##.#
.#.. , *.##.##.#.....
....######.#...)....#.#
...........#..#.S......
#......<..##..#@o...#.#
..............#.#...#..
#..#.........!.........
#......)...#.#.#.#.#...
*
.....................##
, **
###........#.......#.?.
, #.##+###...........##
#. ..#...>...#.# #
.............#


You could see an orc priest and an adder.

Vanquished Creatures
  Jessica (D:3)
  A gnoll (D:3)
  4 adders
  A dart slug (D:3)
  6 orcs
  4 bats
  3 endoplasms
  3 giant cockroaches
  4 goblins
  3 hobgoblins
  A jackal (D:3)
  4 ball pythons
  2 frilled lizards
  3 kobolds
  A rat (D:3)
41 creatures vanquished.

Notes
Turn   | Place    | Note
-------+----------+-------------------------------------------
     0 | D:1      | sneakypete the Meteoran Fighter began the quest for the
                  | Orb.
     0 | D:1      | Reached XP level 1. HP: 19/19 MP: 2/2
   495 | D:1      | Glimpsed the power of Zot.
   528 | D:1      | Found Dytweomiwo's Magic Scroll Emporium.
   533 | D:1      | Reached XP level 2. HP: 26/26 MP: 3/3
   544 | D:1      | Glimpsed the power of Zot.
   727 | D:2      | Reached XP level 3. HP: 29/31 MP: 4/4
   753 | D:2      | Found an opulent altar of Gozag.
   888 | D:2      | Found a faded altar of an unknown god.
   896 | D:2      | Prayed at the altar of an unknown god.
   896 | D:2      | Became a worshipper of Makhleb the Destroyer
   896 | D:2      | Reached * piety under Makhleb
  1083 | D:2      | Glimpsed the power of Zot.
  1206 | D:3      | Noticed Jessica
  1223 | D:3      | Killed Jessica
  1224 | D:3      | Reached XP level 4. HP: 32/39 MP: 5/5
  1416 | D:3      | Found Cuir's General Store.
  1456 | D:3      | Reached skill level 1 in Dodging
  1456 | D:3      | Reached XP level 5. HP: 33/46 MP: 6/6
  1476 | D:3      | Found a bloodstained altar of Trog.
  1550 | D:3      | Found a snail-covered altar of Cheibriados.
  1551 | D:3      | Found a stormy altar of Qazlal.
  1624 | D:4      | Found a staircase to the Ecumenical Temple.
  1661 | D:4      | Slain by an orc priest

Illustrated notes

Levels and vault maps discovered:
D:1:      scummos_arrival_simple_fountains, layout_basic, serial_shops,
          nicolae_shop_statue_plus, shop, shop_statue, nicolae_shop_trees,
          minmay_lizard_king
D:2:      layout_loops_ring, basic_altar, shapermc_ecumenical_altar_petra
D:3:      layout_rooms, trog_antimagical, jmf_multi_god_temple, serial_shops,
          nicolae_shop_behind_doors, uniq_jessica
D:4:      kennysheep_six_static_rooms, layout_basic,
          nicolae_tso_besieged_by_evil, minmay_temple_entry_glass, serial_shops,
          nicolae_shop_hallway_stairs

Skill      XL: |  1  2  3  4  5 |
---------------+----------------+-----
Axes           | 3 4 |  4.0
Armour         | 4 |  4.4
Shields        | 4 |  4.0
Dodging        | 1 |  1.5
Fighting       | 4 |  4.0
Polearms       | |  0.1

Action                   |  1- 3 |  4- 6 || total
-------------------------+-------+-------++-------
Melee: War axe           |    55 |    32 ||    87
       Spear             |       |    32 ||    32
Armor: Scale mail        |    33 |    46 ||    79
Dodge: Dodged            |    32 |    25 ||    57
Block: Buckler           |    14 |    29 ||    43
